Map: Goldenaura LE

Players

A.I. 1 (Medium)

  • Race: Protoss Protoss
  • Spawn Location: 12:00

IIIIIIlllIII - Winner!

  • Race: Terran Terran
  • League: Diamond
  • Spawn Location: 5:00

VOD

https://www.youtube.com/watch?v=Kjp5qZ-Ywis

Description

The fast armory of this cheese allows for undetected widow mines and the fastest thor attack. Robo will likely make observer first because of the widow mine, so no immortal to deal with the thor. Great win rate at my D1 mmr. Based off a Ruff build who had success at GM with it.

Time

  • Played on: Jan. 3, 2024, 7:19 p.m.
  • Length: 5:39
Show
View Real Time Build Order
Export as new Build Order

A.I. 1 (Medium) Protoss 

Build Orders: 1 Gate Expand 

Get SALT Encoding   

  12  0:00  Probe  
  13  0:13  Probe  
  14  0:20  Pylon  
  14  0:25  Probe  
  15  0:34  Probe  
  15  0:42  Probe  
  17  0:52  Gateway  
  17  1:09  Probe  
  17  1:11  Nexus  
  18  1:29  Pylon  
  18  1:32  Assimilator  
  18  1:41  Zealot  
  18  1:42  Cybernetics Core  
  18  1:43  Probe  
  21  1:55  Probe  
  22  2:04  Probe  
  23  2:09  Gateway  
  23  2:10  Stalker  
  23  2:15  Assimilator  
  25  2:22  Probe  
  25  2:27  Pylon  
  26  2:37  Probe  
  26  2:39  Zealot  
  29  2:50  Probe  
  30  2:56  Adept  
  32  3:05  Probe  
  30  3:07  Adept  
  30  3:29  Adept, Probe  
  30  3:32  Probe  
  34  3:45  Adept  
  34  3:47  Probe  
  37  3:52  Probe  
  38  3:59  Probe  
  41  4:04  Probe  
  41  4:08  Stalker  
  42  4:11  Probe  
  42  4:13  Pylon  
  42  4:15  Pylon  
  30  4:41  Pylon  
  30  4:44  Pylon  
  26  5:11  Probe  
  26  5:12  Probe  
  18  5:20  Probe  
Show
View Real Time Build Order
Export as new Build Order

IIIIIIlllIII Terran - Winner!

Build Orders: 2 Factory 

Get SALT Encoding   

  12  0:00  SCV  
  13  0:12  SCV  
  14  0:17  Supply Depot  
  14  0:24  SCV  
  15  0:30  Refinery  
  15  0:39  SCV  
  16  0:46  Barracks  
  16  0:51  SCV  
  16  0:55  Refinery  
  17  1:03  SCV  
  18  1:15  SCV  
  19  1:27  SCV  
  20  1:33  Factory  
  20  1:35  Barracks Reactor  
  20  1:42  Orbital Command  
  20  1:51  Supply Depot  
  20  2:09  SCV  
  20  2:12  Reaper x2  
  23  2:19  Armory  
  23  2:24  SCV  
  23  2:28  Supply Depot  
  24  2:36  SCV, Widow Mine  
  27  2:48  Factory, SCV  
  28  2:57  Factory Tech Lab  
  26  3:11  SCV  
  27  3:14  Supply Depot  
  27  3:19  Thor  
  33  3:23  SCV  
  33  3:35  SCV  
  33  3:36  Supply Depot  
  34  3:45  Widow Mine  
  34  3:47  SCV  
  36  4:13  Thor  
  36  4:16  Widow Mine  
  42  4:27  Marine  
  43  4:44  Marine  
  44  4:47  Widow Mine x2  
  44  4:48  SCV  
  48  5:02  Marine  
  49  5:09  Widow Mine  
  51  5:17  Widow Mine  
  51  5:20  Marine  
Tags
 
Add a new tag
Caveats
  • Supply blocks, unpowered buildings, or Contaminate may cause inaccurate times.
  • Supply counts are checked every 10 seconds.